 Dungeon Crawl Stone Soup version 0.31-a0-983-g7b6862f502 (webtiles) character file.

Game seed: 10052028203307700624

184 Xavori the Trooper (level 5, -1/41 HPs)
             Began as a Djinni Chaos Knight on Nov 2, 2023.
             Was a Plaything of Xom.
             Slain by an iguana (18 damage)
             ... on level 4 of the Dungeon.
             The game lasted 00:02:18 (8143 turns).

Xavori the Trooper (Djinni Chaos Knight)            Turns: 8143, Time: 00:02:19

Health: -1/41      AC:  7    Str: 19    XL:     5   Next: 96%
Gold:   144        EV: 12    Int: 11    God:    Xom [.*....] SH:  0 Dex: 13

rFire   + + .        a - +0 falchion (chaos)
rCold   x . .        (no shield)
rNeg    . . .        b - +2 leather armour
rPois   ∞            (helmet restricted)
rElec   .            (no cloak)
rCorr   .            q - +0 pair of gloves
SInv    .            (boots unavailable)
Will    .....        (no amulet)
Stlth   +            (no ring)
HPRegen 0.26/turn    (no ring)
MPRegen 0.00/turn

%: clarity, infuse magic (-2 HP)
@: flying
A: sickness immunity, fire resistance 2, cold vulnerability 1, float, innate
caster, HP casting, extra vitality 1, fangs 1, horns 1, clarity, screaming 1,
shaggy fur 1, strong 2, MP-powered wands
a: Renounce Religion


You were on level 4 of the Dungeon.
You worshipped Xom.
You were a plaything of Xom.
You visited 1 branch of the dungeon, and saw 4 of its levels.

You collected 144 gold pieces.

Inventory:

Hand Weapons
 a - a +0 falchion of chaos (weapon)
Armour
 b - a +2 leather armour (worn)
 q - a +0 pair of gloves (worn)
Wands
 l - a wand of mindburst (6)
Scrolls
 c - a scroll of butterflies
 d - a scroll of identify {unknown}
 g - a scroll of immolation {unknown}
 i - a scroll of fog {unknown}
 j - 4 scrolls of blinking {unknown}
 m - a scroll of acquirement {unknown}
 n - 2 scrolls of teleportation {unknown}
 p - a scroll of revelation {unknown}
Potions
 e - a potion of invisibility {unknown}
 f - 3 potions of heal wounds {unknown}
 h - a potion of attraction {unknown}
 k - 3 potions of curing {unknown}
 o - a potion of degeneration {unknown}


   Skills:
 + Level 3.7 Fighting
 + Level 3.3 Long Blades
 + Level 2.3 Armour
 + Level 3.2 Dodging
 * Level 1.7 Spellcasting
 * Level 1.7 Conjurations
 * Level 1.7 Hexes
   Level 0.0 Charms
 * Level 1.7 Summonings
 * Level 1.7 Necromancy
 * Level 1.7 Translocations
 * Level 1.7 Transmutations
 * Level 1.7 Fire Magic
 * Level 1.7 Ice Magic
 * Level 1.7 Air Magic
 * Level 1.7 Earth Magic
 * Level 1.7 Poison Magic


You knew the following spells:

 Your Spells              Type           Power      Damage    Failure   Level
a - Sting                 Tmut/Pois      16%        1d3       19%         1
b - Call Imp              Summ           8%         N/A       26%         2
Your spell library was empty.

Dungeon Overview and Level Annotations

Branches:
Dungeon (4/15)
 Temple: D:4-7

Altars:

Shops:
D:3 :


Innate Abilities, Weirdness & Mutations

You are immune to sickness and miasma.
You are immune to poison.
Your flesh is very heat resistant. (rF++)
You are vulnerable to cold. (rC-)
You float through the air rather than walking.
You learn spells naturally, not from books.
Your magical power is your life essence.
You have superior vitality. (+4 MHP)
You have very sharp teeth.
You have a pair of small horns on your head.
You possess an exceptional clarity of mind.
You occasionally shout uncontrollably at your foes.
You are covered in fur. (AC +1)
Your muscles are very strong. (Str +8, Int/Dex -2)
You expend health (3 HP) to strengthen your wands.


Message History

Key pressed, stopping explore.
No target in view!
You see here a +0 ring mail.
Partly explored, can't reach some places.
No target in view!
Key pressed, stopping explore.
No target in view!
Partly explored, can't reach some places.
No target in view!
Key pressed, stopping explore.
No target in view!
Okay, then.
What level of the Dungeon? (default 3, ? - help)
There is a stone staircase leading down here.
You fly downwards.
The iguana hisses angrily.
Found an escape hatch in the ceiling.
There is a stone staircase leading up here.
An iguana is nearby!
No target in view!
Casting: Call Imp (dangerous; 26% risk of failure)
Confirm with . or Enter, or press ? or * to list all spells.
A tiny devil pulls itself out of the air.
Your cerulean imp hits the iguana but does no damage.
You hit the iguana but do no damage.
The iguana goes berserk!
Your bite misses the iguana. The iguana bites you!
Your cerulean imp closely misses the iguana.
Aiming: Mindburst
Press: ? - help, Shift-Dir - straight line, f - iguana
Aim: an iguana (berserk, ally target, chance to affect: 78%)
You feel a surge of power!
The iguana barely resists.
The iguana closely misses you. The iguana barely misses you.
Your cerulean imp barely misses the iguana.
Unknown command.
Aiming: Mindburst
Press: ? - help, Shift-Dir - straight line, f/p - iguana
Aim: an iguana (berserk, ally target, chance to affect: 78%)
You feel a surge of power!
The iguana's mind is blasted!!
The iguana bites you!!
You die...

# .# ..#
####...###
...######.@l......
#.....<...<......
#####...5........
#.#####...### #.
...# #. ...# #.
..# .# ..# #


You could see an iguana (berserk, ally target) and a friendly cerulean imp
(summoned).

Vanquished Creatures
  A jelly (D:3)
  Jessica (D:3)
  7 adders
  3 worms
  8 endoplasms
  3 giant cockroaches
  3 goblins (D:3)
  7 hobgoblins
  A jackal (D:3)
  A quokka (D:2)
  6 bats
  3 frilled lizards
  9 kobolds
  7 rats
60 creatures vanquished.

Vanquished Creatures (collateral kills)
  A quokka (D:3)
1 creature vanquished.

Grand Total: 61 creatures vanquished

Notes
Turn   | Place    | Note
-------+----------+-------------------------------------------
     0 | D:1      | Xavori the Djinni Chaos Knight began the quest for the Orb.
     0 | D:1      | Reached XP level 1. HP: 20/20 MP: 0/0
   100 | D:1      | Reached XP level 2. HP: 25/25 MP: 0/0
   209 | D:1      | XOM: silly message
   247 | D:1      | XOM: smoke on damage
   522 | D:2      | Reached XP level 3. HP: 27/30 MP: 0/0
   522 | D:2      | Learned a level 1 spell: Sting
   945 | D:1      | XOM: silly message
  2085 | D:1      | XOM: silly message
  2537 | D:1      | XOM: divination: magic mapping
  2543 | D:1      | XOM: divination: magic mapping
  2755 | D:1      | XOM: noise
  2813 | D:1      | XOM: stat loss: -1 Str (10/11)
  4491 | D:1      | XOM: scenery: 1 doors close
  5001 | D:1      | XOM is BORED!
  5001 | D:1      | XOM: summons 2 hostile demons
  5423 | D:1      | XOM: god gift: silver javelin
  5886 | D:1      | XOM: god gift: wand of mindburst (8)
  5963 | D:1      | XOM: scenery: 1 doors open
  5989 | D:1      | XOM: silly message
  5994 | D:1      | XOM: god gift: fizzy yellow potion {god gift}
  5998 | D:1      | Gained mutation: You possess an exceptional clarity of
                  | mind. [potion of mutation]
  5998 | D:1      | Gained mutation: You occasionally shout uncontrollably at
                  | your foes. [potion of mutation]
  5998 | D:1      | Gained mutation: You expend health (3 HP) to strengthen
                  | your wands. [potion of mutation]
  6223 | D:1      | XOM: scenery: 1 doors close
  6446 | D:1      | XOM: 5-stop teleportation journey
  6451 | D:1      | XOM: give mutations
  6451 | D:1      | Gained mutation: You are covered in fur. (AC +1) [Xom's
                  | grace]
  6451 | D:1      | Gained mutation: You have very sharp teeth. [Xom's grace]
  6451 | D:1      | Gained mutation: Your muscles are strong. (Str +4, Int/Dex
                  | -1) [Xom's grace]
  6451 | D:1      | Gained mutation: You have a pair of small horns on your
                  | head. [Xom's grace]
  6527 | D:1      | XOM: draining
  6773 | D:1      | XOM: noise
  6942 | D:2      | Reached skill level 1 in Spellcasting
  6942 | D:2      | Reached skill level 1 in Conjurations
  6942 | D:2      | Reached skill level 1 in Hexes
  6942 | D:2      | Reached skill level 1 in Summonings
  6942 | D:2      | Reached skill level 1 in Necromancy
  6942 | D:2      | Reached skill level 1 in Translocations
  6942 | D:2      | Reached skill level 1 in Transmutations
  6942 | D:2      | Reached skill level 1 in Fire Magic
  6942 | D:2      | Reached skill level 1 in Ice Magic
  6942 | D:2      | Reached skill level 1 in Air Magic
  6942 | D:2      | Reached skill level 1 in Earth Magic
  6942 | D:2      | Reached skill level 1 in Poison Magic
  7160 | D:2      | Reached XP level 4. HP: 32/32 MP: 0/0
  7510 | D:3      | Reached XP level 5. HP: 40/40 MP: 0/0
  7510 | D:3      | Learned a level 2 spell: Call Imp
  7684 | D:3      | Found Agyr's Book Shop.
  7692 | D:3      | XOM: give mutation
  7692 | D:3      | Gained mutation: Your muscles are very strong. (Str +8,
                  | Int/Dex -2) [Xom's mischief]
  7915 | D:3      | Noticed Jessica
  7923 | D:3      | Killed Jessica
  8143 | D:4      | Slain by an iguana

Illustrated notes

Levels and vault maps discovered:
D:1:      roadster_arrival_rocket_small, layout_basic
D:2:      layout_loops_ring
D:3:      minmay_recursive_quarters, layout_loops_ring, serial_shops, shop,
          lexackson_kobold_supper, uniq_jessica
D:4:      layout_loops_ring, uniq_pikel

Skill      XL: |  1  2  3  4 |
---------------+-------------+-----
Long Blades    | 3 |  3.3
Spellcasting   | 1 |  1.7
Conjurations   | 1 |  1.7
Hexes          | 1 |  1.7
Summonings     | 1 |  1.7
Necromancy     | 1 |  1.7
Translocations | 1 |  1.7
Transmutations | 1 |  1.7
Fire Magic     | 1 |  1.7
Ice Magic      | 1 |  1.7
Air Magic      | 1 |  1.7
Earth Magic    | 1 |  1.7
Poison Magic   | 1 |  1.7
Armour         | 2 |  2.3
Dodging        | 3 |  3.2
Fighting       | |  3.7

Action                     |  1- 3 |  4- 6 || total
---------------------------+-------+-------++-------
  Melee: Falchion          |    72 |   100 ||   172
         Punch             |     2 |     1 ||     3
         Bite              |     5 |     5 ||    10
         Headbutt          |     4 |    16 ||    20
   Cast: Call Imp          |       |     2 ||     2
  Evoke: Wand              |       |     2 ||     2
    Use: Potion            |     1 |       ||     1
   Stab: Petrifying        |       |     1 ||     1
 Armour: Leather armour    |    27 |    82 ||   109
  Dodge: Dodged            |    42 |    96 ||   138

Table legend: (Time is in decaauts)
 A = Elapsed time spent in this place.
 B = Non-inter-level travel time spent in this place.
 C = Inter-level travel time spent in this place.
 D = Time resting spent in this place.
 E = Time spent auto-exploring this place.
 F = Levels seen in this place.
 G = Mean time per level.
                   A        B        C        D        E       F      G
               +--------+--------+--------+--------+--------+-----+--------+
         Total |   8168 |   8082 |     86 |   6305 |   1377 |   4 | 2042.0 |
       Dungeon |   8168 |   8082 |     86 |   6305 |   1377 |   4 | 2042.0 |
               +--------+--------+--------+--------+--------+-----+--------+

Top non-repeatable levels by time:
     D:1: 6472 daAuts
     D:3: 874 daAuts
     D:2: 815 daAuts
     D:4: 6 daAuts
